 Dungeon Crawl Stone Soup version 0.18.1-8-gdd0e5ea (webtiles) character file.

562 KrisztiCat the Digger (level 7, -3/36 HPs)
             Began as a Gargoyle Earth Elementalist on June 11, 2016.
             Slain by a killer bee (4 damage)
             ... on level 4 of the Dungeon.
             The game lasted 00:35:34 (2971 turns).

KrisztiCat the Digger (Gargoyle Earth Elementalist) Turns: 2971, Time: 00:35:35

Health: -3/36      AC:  7    Str: 12      XL:     7   Next: 32%
Magic:  0/15       EV: 12    Int: 16 (17) God:
Gold:   254        SH:  0    Dex: 10      Spells: 1 memorised, 16 levels left

rFire  . . .     SeeInvis .     l - +0 whip
rCold  . . .     Gourm    .     a - +0 robe
rNeg   + . .     Faith    .     (no shield)
rPois  ∞         Spirit   +     (no helmet)
rElec  +         Dismiss  .     r - +0 cloak
rCorr  .         Reflect  .     (no gloves)
SustAt .         Harm     .     (no boots)
MR     .....                    n - amulet of guardian spirit
Stlth  ++........               (no ring)
                                (no ring)

@: hasted, very quick, not resistant to hostile enchantments, unstealthy
A: negative energy resistance 1, electricity resistance, unbreathing,
petrification resistance, rot immunity, AC +4
a: no special abilities


You were on level 4 of the Dungeon.
You were not hungry.

You visited 1 branch of the dungeon, and saw 5 of its levels.

You collected 254 gold pieces.

Inventory:

Hand Weapons
 l - a +0 whip (weapon)
Missiles
 b - 87 stones (quivered)
Armour
 a - a +0 robe (worn)
 r - a +0 cloak (worn)
Jewellery
 n - an amulet of guardian spirit (around neck)
Scrolls
 e - 3 scrolls of identify
 h - 2 scrolls of amnesia
Potions
 f - a potion of brilliance
 j - a potion of magic
Books
 c - a book of Geomancy

   Spells                             Type                      Level
   a - Sandblast                      Earth                        1
   b - Passwall                       Transmutation/Earth          2
   c - Stone Arrow                    Conjuration/Earth            3
   d - Petrify                        Transmutation/Earth          4
   e - Lee's Rapid Deconstruction     Earth                        5
Comestibles
 d - 3 bread rations
 g - 3 meat rations
 m - a chunk of flesh


   Skills:
 - Level 1.5 Dodging
 - Level 2.1 Stealth
 * Level 5.8 Spellcasting
   Level 0.7 Transmutations
 + Level 6.6 Earth Magic


You had 16 spell levels left.
You knew the following spells:

 Your Spells              Type           Power        Failure   Level  Hunger
a - Sandblast             Erth           ####..       1%          1    None


Dungeon Overview and Level Annotations

Branches:
Dungeon (5/15)
 Temple: D:4-7

Altars:
Xom
Zin

Annotations:
D:4 Robin


Innate Abilities, Weirdness & Mutations

You are resistant to torment.
Your stone body is resilient (AC +4).
You are immune to poison.
You resist negative energy.
You are resistant to electric shocks.
You can survive without breathing.
You are immune to petrification.
You are immune to rotting.


Message History

* * * LOW HITPOINT WARNING * * *
Read which item? (? for menu, Esc to quit)
As you read the scroll of fear, it crumbles to dust.
You assume a fearsome visage.
The goblin looks frightened! x3
The hobgoblin looks frightened!
The goblin looks frightened! x2
The hobgoblin looks frightened!
The howler monkey looks frightened!
The killer bee looks frightened! x3; The adder looks frightened!
The howler monkey hoots and howls with incredible vigour!
Cornered, the killer bee turns to fight!
Robin roars a battlecry!
The goblins go into a battle-frenzy!
The killer bee closely misses you.
The killer bee stings you but does no damage.
Robin throws the goblin at you!
* * * LOW HITPOINT WARNING * * *
The goblin hits you with a dagger.
The killer bee stings you but does no damage.
Drink which item? (? for menu, Esc to quit)
You feel yourself speed up. The killer bee stings you.
You die...

..#..#.####...##.####...###.....#
.........#................#.....#
.........#................+[....#
.........#................#.....#
.♣.......#................#.....#
..S......#.......###'######......
y♣.......#.......##......#
....y....#.....g.+.......#
.##.####†####...@##......##.
########.####...y##.........
.......#....#...g#..>.......
.......#....#....'..........
.......#y..S#.(..#........#.
.......y....#..g.##.......#
.......#....#g...########.#
.......#hg..#.....# ##
.......#....#.....#


You could see a killer bee, Robin, a hobgoblin and 2 goblins.

Vanquished Creatures
  Menkaure (D:4)
  3 killer bees (D:4)
  A howler monkey (D:4)
  An orc priest (D:3)
  3 orc wizards (D:3)
  2 worker ants (D:4)
  2 adders (D:2)
  5 worms
  5 dart slugs
  2 giant geckos
  11 orcs (D:3)
  3 ball pythons
  3 giant cockroaches (D:1)
  6 goblins
  5 hobgoblins
  3 jackals (D:3)
  A quokka (D:4)
  7 bats
  4 giant newts
  4 kobolds
  4 rats
76 creatures vanquished.

Vanquished Creatures (others)
  5 toadstools (D:1)
5 creatures vanquished.

Grand Total: 81 creatures vanquished

Notes
Turn   | Place    | Note
--------------------------------------------------------------
     0 | D:1      | KrisztiCat the Gargoyle Earth Elementalist began the quest for the Orb.
     0 | D:1      | Reached XP level 1. HP: 10/10 MP: 3/3
   168 | D:1      | Reached XP level 2. HP: 15/15 MP: 0/5
   479 | D:1      | Reached skill level 4 in Earth Magic
   838 | D:2      | Reached XP level 3. HP: 13/19 MP: 1/7
  1520 | D:2      | Found a glowing silver altar of Zin.
  1646 | D:2      | Reached XP level 4. HP: 24/24 MP: 3/8
  2124 | D:3      | Reached skill level 5 in Earth Magic
  2124 | D:3      | Reached XP level 5. HP: 19/28 MP: 7/10
  2476 | D:3      | Reached XP level 6. HP: 19/32 MP: 10/12
  2556 | D:3      | Found a shimmering altar of Xom.
  2624 | D:3      | Found a shimmering altar of Xom.
  2625 | D:3      | Found a shimmering altar of Xom.
  2634 | D:3      | Found a shimmering altar of Xom.
  2634 | D:3      | Found a shimmering altar of Xom.
  2635 | D:3      | Found a shimmering altar of Xom.
  2868 | D:4      | Noticed Menkaure
  2876 | D:4      | Killed Menkaure
  2876 | D:4      | Reached skill level 5 in Spellcasting
  2876 | D:4      | Reached skill level 6 in Earth Magic
  2891 | D:4      | Reached XP level 7. HP: 34/36 MP: 2/15
  2896 | D:5      | Entered Level 5 of the Dungeon
  2957 | D:4      | Noticed Robin
  2959 | D:4      | HP: 1/36 [killer bee (2)]
  2970 | D:4      | HP: 1/36 [Robin/goblin (1)]
  2971 | D:4      | Slain by a killer bee

Skill      XL: |  1  2  3  4  5  6 |
---------------+-------------------+-----
Earth Magic    | 4 5 6 |  6.6
Spellcasting   | 3 4 5 |  5.8
Dodging        | |  1.5
Stealth        | |  2.1
Transmutations | |  0.7

Action                   |  1- 3 |  4- 6 |  7- 9 || total
-------------------------+-------+-------+-------++-------
Melee: Short sword       |    16 |       |       ||    16
       Unarmed           |     1 |       |       ||     1
       Whip              |     1 |     5 |    10 ||    16
 Cast: Sandblast         |    80 |    82 |    11 ||   173
  Use: Scroll            |       |    10 |     1 ||    11
       Potion            |       |     3 |     2 ||     5
  Eat: Chunk             |     3 |     4 |       ||     7
Armor: Robe              |    24 |    16 |    21 ||    61
       Skin              |       |     5 |       ||     5
Dodge: Dodged            |    59 |    25 |    29 ||   113
